[Event "Live Chess"]
[Site "Chess.com"]
[Date "2023.05.20"]
[Round "-"]
[White "Pablo_dmp"]
[Black "GEMdzq"]
[Result "0-1"]
[WhiteElo "1874"]
[BlackElo "2230"]
[TimeControl "300"]
[EndTime "15:30:00 PDT"]
[Termination "GEMdzq won by resignation"]

1. e4 d6 2. Nc3 Nf6 3. d4 g6 4. f4 Bg7 5. Nf3 O-O 6. e5 Nfd7 7.
Bc4 c5 8. Be3 Nb6 9. Be2 cxd4 10. Bxd4 Nc6 11. Bxb6 Qxb6 12. Nd5 Qa5+ 13. c3 Be6 14.
Bc4 b5 15. Bb3 b4 16. c4 dxe5 17. fxe5 Qc5 18. Qe2 a5 19. Qf2 Qxf2+ 20. Kxf2 a4 21. Bc2 Bxd5 22. cxd5 Nxe5 23. Be4 Rac8 24. Rab1 f5 25.
Nxe5 fxe4+ 0-1

[Event "Live Chess"]
[Site "Chess.com"]
[Date "2023.05.20"]
[Round "-"]
[White "McSlash1"]
[Black "raminguy"]
[Result "0-1"]
[WhiteElo "1998"]
[BlackElo "1958"]
[TimeControl "300"]
[EndTime "15:30:09 PDT"]
[Termination "raminguy won by resignation"]

1. e4 e5 2. Nf3 Nc6 3. Bb5 Nf6 4.
O-O Nxe4 5. Bxc6 dxc6 6. Re1 Nd6 7. Nxe5 Be7 8. d4 O-O 9. c3 Bf6 10. Nd2 Re8 11. Ndf3 Nf5 12. Bf4 Be6 13. Ng4 Be7 14.
Nge5 c5 15. Qe2 cxd4 16. cxd4 Nxd4 17. Qe4 Nxf3+ 18. Qxf3 c6 19. Rad1 Qb6 20. Be3 Qxb2 21. Bd4 Qxa2 22. Qg3 Bf6 23. Re3 Rad8 24. Rf3 Rxd4 25.
Re1 Bxe5 26. Qxe5 Qd5 27. Qe3 Rd1 28. h3 Rxe1+ 29. Qxe1 Rd8 30. Qc3 f6 31. Rg3 Qe5 32. Qa3 Bf7 33. Re3 Rd1+ 0-1

[Event "Live Chess"]
[Site "Chess.com"]
[Date "2023.05.20"]
[Round "-"]
[White "elvenstar"]
[Black "diana21strabt"]
[Result "0-1"]
[WhiteElo "1567"]
[BlackElo "1698"]
[TimeControl "300"]
[EndTime "15:30:32 PDT"]
[Termination "diana21strabt won by resignation"]

1. e4 d5 2. e5 c5 3. Nf3 Nc6 4. Bb5 Bg4 5. c3 Qb6 6. Bxc6+ bxc6 7.
d3 e6 8. Nbd2 Ne7 9. Qc2 Nf5 10.
O-O Be7 11. h3 Bxf3 12. Nxf3 O-O 13. Bf4 Rab8 14. b3 d4 15. c4 Qb4 16. g4 Nh4 17. Nxh4 Bxh4 18. Bg3 Bg5 19. f4 Be7 20. f5 exf5 21. gxf5 Bg5 22. Bf4 Bxf4 23. Rxf4 f6 24. e6 Rfe8 25. Qe2 Qc3 26. Re1 Re7 27. Kh1 Rbe8 28. Re4 Qa5 29. Rg1 Qc7 30. Qg2 Kh8 31. h4 g6 32. Rg4 Rg8 33. fxg6 h5 34. g7+ Rgxg7 35. Rxg7 Rxg7 36. Qxg7+ Qxg7 37. Rxg7 Kxg7 38. Kg2 f5 39. Kf3 Kf6 40. Kf4 Kxe6 41. a3 a5 42. a4 Kf6 43. Kf3 Ke5 44. Kg3 f4+ 45. Kf3 Kf5 0-1

[Event "Live Chess"]
[Site "Chess.com"]
[Date "2023.05.20"]
[Round "-"]
[White "nigelst"]
[Black "VicLemon"]
[Result "1-0"]
[WhiteElo "1831"]
[BlackElo "1356"]
[TimeControl "300"]
[EndTime "15:30:50 PDT"]
[Termination "nigelst won by resignation"]

1. e4 c5 2. Nf3 e6 3. c3 d5 4. exd5 Qxd5 5. d4 Nf6 6. Bd3 Nc6 7. O-O Be7 8. Na3 cxd4 9. Nb5 Qd8 10. Nbxd4 Nxd4 11. cxd4 O-O 12. Be3 Nd5 13. Rc1 Bd7 14. Bb1 Bc6 15.
Qd3 Nf6 16. Bg5 g6 17. Ne5 Be4 18. Qh3 Bxb1 19. Rxb1 Qxd4 20. Nf3 Qg4 21. Qxg4 Nxg4 22. Bxe7 1-0

[Event "Live Chess"]
[Site "Chess.com"]
[Date "2023.05.20"]
[Round "-"]
[White "MrBlond89"]
[Black "Doge_Dandolo"]
[Result "0-1"]
[WhiteElo "1370"]
[BlackElo "2030"]
[TimeControl "300"]
[EndTime "15:30:51 PDT"]
[Termination "Doge_Dandolo won by resignation"]

1. e4 c6 2. Nf3 d5 3. exd5 cxd5 4. d4 Nc6 5. Nc3 Bg4 6. Be3 e6 7. h3 Bxf3 8. Qxf3 Nf6 9. O-O-O Bb4 10. Bd3 Qa5 11. Qg3 Bxc3 12. Qxg7 O-O-O 13. Qxf6 Bb4 14. c3 Be7 15. Qxf7 Qxa2 16. Qxe6+ Kb8 17. Bf4+ Ka8 18.
Kc2 Rhe8 19. Ra1 Nb4+ 20. cxb4 Rc8+ 21. Kd2 Bxb4+ 0-1

[Event "Live Chess"]
[Site "Chess.com"]
[Date "2023.05.20"]
[Round "-"]
[White "JoeyCage"]
[Black "mikkyb4"]
[Result "1-0"]
[WhiteElo "2319"]
[BlackElo "1002"]
[TimeControl "300"]
[EndTime "15:30:52 PDT"]
[Termination "JoeyCage won by resignation"]

1. e4 g6 2. d4 Bg7 3. Nc3 d6 4. Bg5 a6 5. a4 Nc6 6. Nge2 Bg4 7. f3 Bc8 8. Qd2 h6 9. Be3 e6 10. h4 b6 11. f4 Bb7 12. h5 Nge7 13. Ng3 Nb4 14.
Be2 d5 15. hxg6 fxg6 16. f5 dxe4 17. fxg6 Nxg6 18. Bh5 Qd6 19. Bxg6+ Kd7 20. Ngxe4 Qc6 21. O-O Rad8 22. Rf7+ Kc8 23. Rxg7 Rhg8 24. Rxg8 Rxg8 25.
Bh5 Nd5 26. Nxd5 Qxd5 27. Bf3 Qf5 28. Rf1 Bxe4 29. Bxe4 Qxe4 30. Rf4 Qd5 31. b3 Kb7 32. Qf2 b5 33. axb5 axb5 34. Qf3 Qxf3 35. Rxf3 1-0

[Event "Live Chess"]
[Site "Chess.com"]
[Date "2023.05.20"]
[Round "-"]
[White "lightningorderyt"]
[Black "JanMur7"]
[Result "0-1"]
[WhiteElo "518"]
[BlackElo "1949"]
[TimeControl "300"]
[EndTime "15:30:55 PDT"]
[Termination "JanMur7 won by checkmate"]

1. d4 Nf6 2. c4 e6 3. Nc3 d5 4.
Bg5 Be7 5. Bxf6 Bxf6 6. e4 dxe4 7. Nxe4 Qxd4 8. Nxf6+ Qxf6 9. Nf3 O-O 10. Bd3 Nc6 11. O-O Ne5 12. Nxe5 Qxe5 13. b3 b6 14.
Qf3 Rb8 15. Qh3 g6 16. Rfe1 Qf6 17. Rac1 Bb7 18. Re3 c5 19. Qh6 Qg7 20. Rh3 Qxh6 21. Rxh6 Kg7 22. Rh3 Rbd8 23. Be2 Rd2 24. Bg4 h5 25.
Bxh5 gxh5 26. Rg3+ Kh7 27. f3 Rfd8 28. Rc3 f5 29.
Re3 f4 30. Rg7+ Kxg7 31. Rxe6 Rxa2 32. Re7+ Kh6 33. Rxb7 Rd1# 0-1

[Event "Live Chess"]
[Site "Chess.com"]
[Date "2023.05.20"]
[Round "-"]
[White "raimundklein"]
[Black "SavagePawn7"]
[Result "1-0"]
[WhiteElo "1608"]
[BlackElo "788"]
[TimeControl "300"]
[EndTime "15:30:58 PDT"]
[Termination "raimundklein won on time"]

1. e4 d5 2. exd5 Nf6 3. d4 Nxd5 4. c4 Nb6 5. Nc3 Nc6 6. Be3 Bf5 7. h3 g6 8. a3 Bg7 9. Nf3 Qd7 10. Qd2 O-O-O 11. Rd1 e5 12. dxe5 Qxd2+ 13. Rxd2 Rxd2 14. Bxd2 Bxe5 15. Nxe5 Nxe5 16. c5 Nbd7 17. b4 Re8 18. Be3 b6 19.
Ba6+ Kb8 20. c6 Nf6 21. Bb5 Rc8 22. O-O Rd8 23. Rd1 Rxd1+ 24. Nxd1 Bc2 25. Nc3 Ne4 26. Nd5 Bb3 27. Nf4 Bc4 28. Bxc4 Nxc4 29. f3 Nxe3 30. fxe4 Nc4 31. a4 a5 32. bxa5 bxa5 33. Kf2 Nb2 34. Ke3 Nxa4 35. Kd4 Nb6 36. Kc3 a4 37. Kb4 Ka7 38.
Nd3 Ka6 39. Nc5+ 1-0

[Event "Live Chess"]
[Site "Chess.com"]
[Date "2023.05.20"]
[Round "-"]
[White "TheSmoulderingMaster"]
[Black "Ed_Knox"]
[Result "0-1"]
[WhiteElo "1689"]
[BlackElo "1467"]
[TimeControl "300"]
[EndTime "15:31:05 PDT"]
[Termination "Ed_Knox won by checkmate"]

1. e4 d5 2. exd5 Qxd5 3. Nc3 Qd8 4. d4 c6 5. Bf4 Bf5 6. Nf3 e6 7. Bc4 Nf6 8. O-O Nbd7 9. Re1 Be7 10. Bb3 O-O 11. h3 Nd5 12. Bd2 Nxc3 13. Bxc3 Nf6 14. Ne5 Nd5 15. Bd2 a5 16. c3 Qc7 17.
Qf3 Bd6 18. c4 Nf6 19. Bf4 Nd7 20. c5 Bxe5 21. Bxe5 Nxe5 22. Rxe5 Rad8 23. Rae1 Rxd4 24. Kh2 f6 25. Qxf5 fxe5 26. Qxe5 Qxe5+ 27. Rxe5 Rxf2 28. Rxe6 Kf8 29. Re5 Rdd2 30. Rg5 Rxb2 31. h4 h6 32. Rg6 Rf4 33. Kg3 Rbf2 34. Rd6 Rf6 35. Rd8+ Ke7 36. Rg8 R2f5 37. Rxg7+ Kd8 38. Rxb7 Rxc5 39.
Ra7 Rg6+ 40. Kh2 Re5 41. Ra8+ Kc7 42. Ra7+ Kb6 43. Ra8 Re2 44. Rb8+ Kc7 45. Rf8 Rexg2+ 46. Kh3 R6g3# 0-1

[Event "Live Chess"]
[Site "Chess.com"]
[Date "2023.05.20"]
[Round "-"]
[White "xx_blindpuffin_xx"]
[Black "Duke_of_Bebington"]
[Result "1-0"]
[WhiteElo "2212"]
[BlackElo "1575"]
[TimeControl "300"]
[EndTime "15:31:16 PDT"]
[Termination "xx_blindpuffin_xx won by resignation"]

1. d4 d5 2. Bf4 Nf6 3. e3 Bf5 4. Nf3 e6 5. c4 c6 6. Qb3 Qb6 7. c5 Qxb3 8. axb3 Nbd7 9. b4 Ne4 10. b5 h6 11. bxc6 bxc6 12. Ba6 Bxc5 13. Bb7 Bb4+ 14. Ke2 Rd8 15. Bc7 Rb8 16. Bxb8 Nxb8 17. Rxa7 O-O 18.
Rc1 c5 19. Nbd2 Nxd2 20. Nxd2 cxd4 21. exd4 Rd8 22. Nf3 Nd7 23. Ba6 Bd6 24. Bb5 Nf6 25. Ne5 Bxe5 26. dxe5 Nd7 27. Bxd7 1-0

[Event "Live Chess"]
[Site "Chess.com"]
[Date "2023.05.20"]
[Round "-"]
[White "SupremeTactician"]
[Black "LiamBellwood"]
[Result "0-1"]
[WhiteElo "2356"]
[BlackElo "2089"]
[TimeControl "300"]
[EndTime "15:31:21 PDT"]
[Termination "LiamBellwood won by checkmate"]

1. e4 e6 2. d4 d5 3. Nd2 Nc6 4.
c3 e5 5. dxe5 dxe4 6. Nxe4 Qxd1+ 7. Kxd1 Nxe5 8. Be2 Bf5 9. Ng3 O-O-O+ 10. Bd2 Bd3 11. Nf3 Bxe2+ 12. Kxe2 Nxf3 13. gxf3 Nf6 14.
Ne4 Be7 15. Rhg1 Rhg8 16. Rad1 g6 17. Bg5 Nd5 18. Bxe7 Nxe7 19. Nf6 Rh8 20. Rxd8+ Rxd8 21. Nxh7 Rh8 22. Ng5 f6 23. Ne4 f5 24. Nc5 Rxh2 25.
Ne6 Rh8 26. Nf4 Rg8 27. b3 Kd7 28. Nd5 Nxd5 29. Rd1 Ke6 30. Rc1 Re8 31. c4 Kd6+ 32. Kf1 Nf4 33. Rd1+ Kc5 34. Rd7 Rh8 35. Ke1 Kc6 36.
Rg7 Re8+ 37. Kd2 Re2+ 38. Kc3 Rxf2 39. Rf7 Rxf3+ 40. Kd4 Ne2+ 41. Ke5 Re3+ 42. Kf6 f4 43. Kxg6 f3 44. Rf6+ Kc5 45. a3 Nd4 46. Rf7 c6 47. Kg5 Re5+ 48. Kg4 Re2 49. Rh7 Rg2+ 50. Kh3 Rg1 51.
Rh5+ Kd6 52. Rh4 Rh1+ 53. Kg3 Rxh4 54. Kf2 Nxb3 55. Ke3 Nc5 56. Kxf3 Rxc4 57. Ke2 Ra4 58. Kd2 Rxa3 59. Kc2 Rb3 60. Kd2 a5 61. Ke1 a4 62.
Ke2 a3 63. Kd2 a2 64. Kc2 a1=Q 65. Kd2 Qa2+ 66. Kc1 Rb1# 0-1

[Event "Live Chess"]
[Site "Chess.com"]
[Date "2023.05.20"]
[Round "-"]
[White "domrobson"]
[Black "Brooms1989"]
[Result "1-0"]
[WhiteElo "1783"]
[BlackElo "1079"]
[TimeControl "300"]
[EndTime "15:31:22 PDT"]
[Termination "domrobson won by checkmate"]

1. d4 Nf6 2. c4 g6 3. Nc3 Bg7 4. e4 d6 5. Be2 O-O 6. Bg5 h6 7. Be3 Nbd7 8. g4 e5 9. d5 c6 10. f3 cxd5 11. cxd5 b6 12. Qd2 Kh7 13. h4 Nc5 14. Nh3 Ba6 15. Ng5+ hxg5 16. hxg5+ Kg8 17. gxf6 Qxf6 18. Bg5 Nxe4 19. Nxe4 Bxe2 20. Nxf6+ Bxf6 21. Bxf6 Bxf3 22. Rh8# 1-0

[Event "Live Chess"]
[Site "Chess.com"]
[Date "2023.05.20"]
[Round "-"]
[White "colourmefree"]
[Black "JoshMcK"]
[Result "0-1"]
[WhiteElo "413"]
[BlackElo "1548"]
[TimeControl "300"]
[EndTime "15:31:46 PDT"]
[Termination "JoshMcK won on time"]

1. d4 Nf6 2. c4 g6 3. g3 Bg7 4.
Bg2 O-O 5. Nf3 d5 6. Na3 dxc4 7.
Nxc4 Ne4 8. Be3 Nd6 9. Qc1 Nxc4 10. Qxc4 Nc6 11. Rd1 e6 12. Ng5 Ne7 13. O-O Nf5 14.
Rd3 Nxe3 15. Rxe3 Qxg5 16. f4 Qd8 17. Rd3 c6 18. Rfd1 Qb6 19. Qc3 Bd7 20. Kf1 Rfc8 21. e4 Be8 22. e5 c5 23. d5 Bb5 24. Ke2 Rd8 25. Kd2 Bxd3 26. Kxd3 exd5 27. Rc1 c4+ 28.
Ke2 d4 29. Qxc4 d3+ 0-1

[Event "Live Chess"]
[Site "Chess.com"]
[Date "2023.05.20"]
[Round "-"]
[White "Olisingapore"]
[Black "Missedidea"]
[Result "0-1"]
[WhiteElo "1852"]
[BlackElo "1759"]
[TimeControl "300"]
[EndTime "15:31:47 PDT"]
[Termination "Missedidea won by checkmate"]

1. d4 Nf6 2. c4 g6 3. g3 Bg7 4. Bg2 O-O 5. Nc3 d6 6. Nf3 Nc6 7.
O-O Nd7 8. e4 Nb6 9. b3 e5 10.
d5 Nd4 11. Nxd4 exd4 12. Ne2 d3 13. Qxd3 Bxa1 14. Nd4 Qf6 15. Be3 Bb2 16. Qd2 Bxd4 17. Bxd4 Qe7 18. Qh6 f6 19. Qd2 Nd7 20. Re1 Ne5 21. f4 Nf7 22. Qc3 Nh6 23. c5 Bd7 24. cxd6 cxd6 25. Qb4 b6 26. a4 Rac8 27. Qd2 Rfe8 28. e5 fxe5 29. fxe5 Nf5 30. e6 Rcd8 31. exd7 Qxe1+ 32. Qxe1 Rxe1+ 33. Kf2 Rd1 34. Bf6 Rxd7 35. Bf3 Rd3 36. g4 Ng7 37. b4 Ne8 38. Bb2 Rb3 39.
Bc1 Rxb4 40. Bd2 Rxa4 41. Bd1 Ra2 42. Ke3 Nf6 43. Bb3 Ra3 44. g5 Nh5 45. Kd4 Rxb3 46.
Kc4 Rh3 47. Kb5 Rxh2 48. Kc6 Rxd2 49. Kxd7 b5 50. Kxd6 b4 51. Kc6 b3 52. d6 b2 53. Kc7 b1=Q 54. d7 Qc2+ 55. Kd8 Qd3 56. Ke7 Qxd7# 0-1

[Event "Live Chess"]
[Site "Chess.com"]
[Date "2023.05.20"]
[Round "-"]
[White "jennybobby44"]
[Black "CheckThis4"]
[Result "0-1"]
[WhiteElo "1846"]
[BlackElo "2534"]
[TimeControl "300"]
[EndTime "15:31:47 PDT"]
[Termination "CheckThis4 won by checkmate"]

1. e4 Nc6 2. g3 d5 3. Bg2 dxe4 4.
Bxe4 Nf6 5. Bg2 Bg4 6. f3 Bf5 7. Ne2 e5 8. O-O Bc5+ 9. Kh1 h5 10. h4 g5 11. hxg5 h4 12. g4 h3 13. gxf5 Nd5 14. d4 Nxd4 15. Nxd4 Bxd4 16. c3 Be3 17. Qe2 hxg2+ 18.
Kxg2 Qxg5# 0-1

[Event "Live Chess"]
[Site "Chess.com"]
[Date "2023.05.20"]
[Round "-"]
[White "weibs440"]
[Black "laminaaprod"]
[Result "0-1"]
[WhiteElo "941"]
[BlackElo "2246"]
[TimeControl "300"]
[EndTime "15:31:49 PDT"]
[Termination "laminaaprod won by resignation"]

1. e4 d5 2. exd5 Nf6 3. d4 Nxd5 4. c4 Nf6 5. Nf3 Bg4 6. d5 g6 7. Nc3 Bg7 8. c5 O-O 9. Bc4 Nbd7 10. b4 Nxd5 11.
Bxd5 Bxc3+ 12. Bd2 Bxa1 13. Qxa1 Nf6 14. Bxb7 Rb8 15.
Ba6 Bxf3 16. gxf3 Qd5 17. O-O Qxd2 18. Rd1 Qf4 19. Qc3 Rfd8 20. Re1 Qd2 21. Qxd2 Rxd2 22. Rxe7 Rd7 23. Re2 Rxb4 24. Bc8 Rd1+ 25. Kg2 Kf8 26. Rc2 h5 27. h3 Nd5 28. Kg3 h4+ 0-1

[Event "Live Chess"]
[Site "Chess.com"]
[Date "2023.05.20"]
[Round "-"]
[White "jagbama"]
[Black "Man-Del-Brot"]
[Result "1-0"]
[WhiteElo "1131"]
[BlackElo "1097"]
[TimeControl "300"]
[EndTime "15:31:50 PDT"]
[Termination "jagbama won on time"]

1. e4 e5 2. Nf3 Nc6 3. Bc4 f5 4.
O-O fxe4 5. Nxe5 Nxe5 6. Qh5+ g6 7. Qxe5+ Qe7 8. Qxh8 Nf6 9. d3 d6 10. Bg5 Bd7 11.
Bxf6 O-O-O 12. Bxe7 Bxe7 13. Qxh7 Bf6 14. Nc3 Bf5 15.
Nd5 Rd7 16. Qh6 Bxb2 17. Rab1 Bg7 18. Qe3 c6 19. dxe4 1-0

[Event "Live Chess"]
[Site "Chess.com"]
[Date "2023.05.20"]
[Round "-"]
[White "ExIsambard"]
[Black "AbilifyXL"]
[Result "1-0"]
[WhiteElo "1959"]
[BlackElo "1968"]
[TimeControl "300"]
[EndTime "15:31:57 PDT"]
[Termination "ExIsambard won by resignation"]

1. d4 d5 2. Bg5 c6 3. e3 Nf6 4. Bd3 Bg4 5. Nf3 e6 6. h3 Bh5 7. c3 Nbd7 8. Nbd2 Be7 9. Qc2 Bg6 10.
Bxg6 hxg6 11. O-O-O c5 12. Kb1 Rc8 13. Bxf6 Nxf6 14.
Ne5 cxd4 15. exd4 O-O 16. h4 b5 17. h5 gxh5 18. g4 b4 19. g5 bxc3 20. gxf6 Bxf6 21. Rxh5 Re8 22. Qh7+ Kf8 23. bxc3 Rxc3 24. Nb3 Qb6 25. Nd7+ 1-0

[Event "Live Chess"]
[Site "Chess.com"]
[Date "2023.05.20"]
[Round "-"]
[White "KeithArkell"]
[Black "EdenHazard8"]
[Result "1-0"]
[WhiteElo "2608"]
[BlackElo "2063"]
[TimeControl "300"]
[EndTime "15:32:00 PDT"]
[Termination "KeithArkell won by resignation"]

1. d4 Nf6 2. Nf3 d5 3. c4 e6 4. cxd5 exd5 5. Nc3 c6 6. Qc2 Bd6 7. Bg5 O-O 8. e3 a5 9. Bd3 h6 10. Bh4 Na6 11. a3 Nc7 12. O-O Ne6 13. Ne5 Qc7 14.
Bxf6 gxf6 15. Nf3 Ng5 16. Nh4 Bxh2+ 17. Kh1 Bd6 18. Rac1 Qd7 19. Bf5 Qe7 20. Bxc8 Raxc8 21. Nf5 Qe6 22. g3 Ne4 23. Nxe4 dxe4 24. Nxd6 Qxd6 25. Qxe4 Qd5 26. Qxd5 cxd5 27. Rc5 Rxc5 28. dxc5 Rc8 29.
b4 axb4 30. axb4 b6 31. cxb6 Rb8 32. Rb1 Rxb6 33. Kg2 Kf8 34. Kf3 Ke7 35. Ke2 Kd6 36. Kd3 f5 37. Kd4 f6 38. b5 h5 39. Rb2 f4 40. exf4 f5 41. Rb1 Rb8 42. b6 Rb7 43. Rb2 1-0

[Event "Live Chess"]
[Site "Chess.com"]
[Date "2023.05.20"]
[Round "-"]
[White "Singapourfeuj"]
[Black "fretle"]
[Result "1-0"]
[WhiteElo "2213"]
[BlackElo "1831"]
[TimeControl "300"]
[EndTime "15:32:04 PDT"]
[Termination "Singapourfeuj won by resignation"]

1. d4 e6 2. Nf3 b6 3. c4 Bb7 4. g3 Nf6 5. Bg2 Be7 6. O-O O-O 7.
Nc3 d5 8. cxd5 Nxd5 9. Re1 Nf6 10. e4 Nbd7 11. Bg5 h6 12. Be3 Ng4 13. Bf4 a6 14.
h3 Ngf6 15. Rc1 Rc8 16. d5 exd5 17. exd5 Bc5 18. a3 Nh5 19. Bd2 Nxg3 20. b4 Bd4 21. Nxd4 Qf6 22. Nc6 Nf5 23. Ne4 Qg6 24. Qg4 Qh7 25.
Qxf5 Qxf5 26. Ne7+ 1-0

[Event "Live Chess"]
[Site "Chess.com"]
[Date "2023.05.20"]
[Round "-"]
[White "blowerd"]
[Black "Stanbad1"]
[Result "0-1"]
[WhiteElo "1399"]
[BlackElo "2398"]
[TimeControl "300"]
[EndTime "15:32:25 PDT"]
[Termination "Stanbad1 won on time"]

1. e4 e6 2. Nf3 d5 3. exd5 exd5 4.
Bb5+ c6 5. Bd3 Bd6 6. Nc3 Ne7 7.
O-O Bg4 8. h3 Bh5 9. g4 Bg6 10.
Bxg6 hxg6 11. Ng5 Nd7 12. Qf3 Nf6 13. d3 Qc7 14. Qg2 Bf4 15. Bxf4 Qxf4 16. Nf3 O-O-O 17.
Rae1 Rde8 18. Ne2 Qd6 19. Ned4 a6 20. Ng5 Rhf8 21. Re3 Qf4 22. Ngf3 c5 23. g5 cxd4 24. gxf6 dxe3 25. fxe7 Rxe7 26. fxe3 Qxe3+ 27. Kh1 f6 28. Qxg6 Rh8 29. Qf5+ Qe6 30. Nd4 Qxf5 31. Nxf5 Re2 32. Nxg7 Rxh3+ 33. Kg1 Rg3+ 34. Kh1 Rxg7 35. Rxf6 Rxc2 36.
Rf8+ Kc7 37. Rf1 Rgg2 38. Rf7+ Kb6 39. d4 Rh2+ 40. Kg1 Rxb2 41. a4 Ka5 42. Rc7 Rhd2 43. Rc5+ Kxa4 44. Rc1 Rg2+ 45. Kh1 Rh2+ 46. Kg1 Rbg2+ 47.
Kf1 Rh1+ 48. Kxg2 Rxc1 49. Kf3 Rd1 50. Ke3 Kb3 51. Kf4 Rxd4+ 52. Ke5 Rc4 53. Kxd5 a5 54. Kd6 a4 55. Kd7 a3 56. Kd8 a2 57. Kd7 a1=Q 58.
Kd6 b5 59. Kd5 b4 60. Kd6 Kc3 61. Kd7 b3 62. Kd6 b2 63. Kd5 b1=R 64. Kd6 Rb6+ 65. Kd7 Qa7+ 66. Kd8 Kd4 0-1

[Event "Live Chess"]
[Site "Chess.com"]
[Date "2023.05.20"]
[Round "-"]
[White "gmnorfolk"]
[Black "lxbllngs"]
[Result "1-0"]
[WhiteElo "2128"]
[BlackElo "1742"]
[TimeControl "300"]
[EndTime "15:32:25 PDT"]
[Termination "gmnorfolk won by checkmate"]

1. d4 f5 2. Nc3 Nf6 3. Bf4 d5 4. e3 e6 5. Nb5 Na6 6. c4 c6 7. Nc3 Bb4 8. a3 Ba5 9. Nf3 O-O 10. Ne5 Bd7 11. Qc2 Be8 12. Bd3 h6 13. h3 g5 14. Bh2 Bh5 15. O-O Ne4 16. f3 Nxc3 17. bxc3 Bc7 18. cxd5 exd5 19. Bxf5 Qf6 20. g4 Bf7 21.
Nxf7 Bxh2+ 22. Kxh2 Qxf7 23. e4 Nc7 24. f4 dxe4 25.
fxg5 Qe7 26. Bxe4 Qd6+ 27. Kg2 Ne6 28. Bf5 Nf4+ 29. Rxf4 Qxf4 30. Qb3+ Kg7 31. Rf1 Qxg5 32. Qxb7+ Kh8 33. Qh7# 1-0

[Event "Live Chess"]
[Site "Chess.com"]
[Date "2023.05.20"]
[Round "-"]
[White "omisoc"]
[Black "wot-not"]
[Result "1-0"]
[WhiteElo "2149"]
[BlackElo "1526"]
[TimeControl "300"]
[EndTime "15:32:42 PDT"]
[Termination "omisoc won by resignation"]

1. Nf3 Nf6 2. b3 d6 3. d4 Bg4 4. Bb2 Bxf3 5. exf3 Nbd7 6. f4 c5 7. dxc5 Nxc5 8. Bb5+ Ncd7 9. O-O a6 10. Be2 g6 11. c4 Bg7 12. Nc3 O-O 13. g3 Nc5 14.
Bf3 Rb8 15. Rc1 h5 16. Rc2 h4 17. g4 Qc8 18. h3 Nh7 19. Re1 e6 20. b4 Bxc3 21.
Rxc3 Na4 22. Qxa4 b5 23. cxb5 Qd7 24. Qxa6 d5 25. Rec1 Rxb5 26. Rc7 Qe8 27. a3 Rb8 28. Qc6 Qxc6 29. R1xc6 Nf6 30. Bxf6 1-0

[Event "Live Chess"]
[Site "Chess.com"]
[Date "2023.05.20"]
[Round "-"]
[White "inspireyou"]
[Black "f4nomore"]
[Result "0-1"]
[WhiteElo "1487"]
[BlackElo "1426"]
[TimeControl "300"]
[EndTime "15:32:49 PDT"]
[Termination "f4nomore won by resignation"]

1. b3 g6 2. Bb2 Bg7 3. Bxg7 Nf6 4. Bxh8 d6 5. Bxf6 exf6 6. d4 Be6 7. Nf3 Nd7 8. e3 Nb6 9. Bd3 Qd7 10. a4 O-O-O 11. a5 Nd5 12. Qe2 h6 13. Ra4 g5 14. c4 Ne7 15. Qd2 g4 16. Ng1 h5 17. c5 dxc5 18. a6 cxd4 19. axb7+ Kb8 20. Qa5 Nc6 21. Qb5 dxe3 22.
Be4 0-1

[Event "Live Chess"]
[Site "Chess.com"]
[Date "2023.05.20"]
[Round "-"]
[White "Cimon"]
[Black "miguelchuk"]
[Result "1-0"]
[WhiteElo "1835"]
[BlackElo "1595"]
[TimeControl "300"]
[EndTime "15:33:02 PDT"]
[Termination "Cimon won by resignation"]

1. Nf3 d5 2. d4 Nf6 3. c4 e6 4. Nc3 Bb4 5. e3 O-O 6. Bd3 dxc4 7. Bxc4 a6 8. O-O b5 9. Bd3 Bb7 10. Re1 Nbd7 11. e4 c5 12. dxc5 Nxc5 13. Bc2 Bxc3 14.
bxc3 Bxe4 15. Qe2 Qd5 16. Ba3 Bxf3 17. gxf3 Rfc8 18. Rad1 Qg5+ 19. Kh1 Nd5 20. Rg1 Qh6 21. Bc1 Nf4 22. Qd2 e5 23. Qd6 Qxd6 24. Rxd6 Nce6 25.
Bb2 h6 26. Be4 Rab8 27. Rxa6 Nc5 28. Rd6 Nxe4 29. fxe4 Rc4 30. f3 b4 31. cxb4 Rbxb4 32. Bxe5 Ne2 33. Rd8+ 1-0

[Event "Live Chess"]
[Site "Chess.com"]
[Date "2023.05.20"]
[Round "-"]
[White "LiamClery2020"]
[Black "ShanthamGrarks"]
[Result "0-1"]
[WhiteElo "2061"]
[BlackElo "1982"]
[TimeControl "300"]
[EndTime "15:33:07 PDT"]
[Termination "ShanthamGrarks won by resignation"]

1. e4 e6 2. d4 d5 3. Nd2 Nf6 4.
e5 Nfd7 5. Ngf3 c5 6. c3 Nc6 7. Bd3 cxd4 8. cxd4 Qb6 9. O-O Nxd4 10. Nxd4 Qxd4 11.
Nf3 Qb6 12. Qc2 h6 13. Be3 Bc5 14. Rac1 Bxe3 15. Qxc8+ Rxc8 16. Rxc8+ Ke7 17. Rxh8 Bd4 18. Rc1 Bxf2+ 19. Kh1 Bd4 20. b3 Nxe5 21. Nxd4 Qxd4 22. Bb5 Ng4 23. Re8+ Kf6 24. Rf1+ Kg6 25. h3 Nf2+ 26.
Kh2 h5 27. Rc8 h4 28. Rc2 Qe5+ 29. Kg1 Ne4 30. Re2 Qd4+ 31. Kh2 Ng3 32. Rxe6+ fxe6 33. Be8+ Kh6 0-1

[Event "Live Chess"]
[Site "Chess.com"]
[Date "2023.05.20"]
[Round "-"]
[White "Biranidun"]
[Black "risinghelios"]
[Result "1-0"]
[WhiteElo "2726"]
[BlackElo "1906"]
[TimeControl "300"]
[EndTime "15:33:15 PDT"]
[Termination "Biranidun won by resignation"]

1. e4 c5 2. Nf3 Nc6 3. d4 cxd4 4. Nxd4 d5 5. Bb5 Bd7 6. exd5 Nxd4 7. Bxd7+ Qxd7 8.
Qxd4 Nf6 9. Nc3 g6 10. Bg5 Bg7 11. O-O-O O-O 12. Rhe1 Qf5 13. Bxf6 Bxf6 14. Qd3 Qg5+ 15. Kb1 Rac8 16. Ne4 Qf5 17. Nxf6+ Qxf6 18. f3 Rfd8 19. Qd4 Qxd4 20. Rxd4 e6 21. Red1 exd5 22. Rxd5 Re8 23. b3 Re2 24. R1d2 Rce8 25. Kb2 b6 26. a4 a5 27. Rd6 R8e6 28. Rxe2 Rxe2 29. Rxb6 Rxg2 30.
b4 axb4 31. a5 Rxh2 32. a6 Rh5 33. a7 Ra5 34. Rb8+ Kg7 35. a8=Q Rxa8 36. Rxa8 h5 37. Kb3 h4 38. Kxb4 g5 39. c4 f5 40. c5 g4 41. fxg4 fxg4 42. c6 1-0

[Event "Live Chess"]
[Site "Chess.com"]
[Date "2023.05.20"]
[Round "-"]
[White "smoggyrabbit"]
[Black "AlanPaling"]
[Result "1-0"]
[WhiteElo "1694"]
[BlackElo "1217"]
[TimeControl "300"]
[EndTime "15:33:21 PDT"]
[Termination "smoggyrabbit won by checkmate"]

1. d4 e5 2. dxe5 Nc6 3. Nf3 Qe7 4. Nc3 Nxe5 5. e4 Nxf3+ 6. Qxf3 d6 7. Bc4 Be6 8. Bxe6 Qxe6 9. O-O O-O-O 10. Be3 Kb8 11. a4 Ne7 12. a5 a6 13. Nd5 Nc6 14.
b4 Ne5 15. Qe2 c6 16. Nb6 Nd7 17. c4 Nxb6 18. Bxb6 Rd7 19. b5 cxb5 20. cxb5 axb5 21. Qxb5 Qe5 22. Qxd7 Be7 23. a6 Qe6 24. Qxb7# 1-0

[Event "Live Chess"]
[Site "Chess.com"]
[Date "2023.05.20"]
[Round "-"]
[White "xx_blindpuffin_xx"]
[Black "Conradical12"]
[Result "1-0"]
[WhiteElo "2212"]
[BlackElo "1607"]
[TimeControl "300"]
[EndTime "15:33:53 PDT"]
[Termination "xx_blindpuffin_xx won by checkmate"]

1. d4 Nf6 2. Nf3 c5 3. dxc5 Nc6 4. g3 e5 5. Bg2 Bxc5 6. O-O O-O 7. c4 h6 8. Nc3 e4 9. Ne1 Re8 10. Nc2 Qb6 11. Na4 Qa5 12. Nxc5 Qxc5 13. b3 Qe5 14. Rb1 d5 15. Bb2 Qe6 16. cxd5 Nxd5 17. Nd4 Nxd4 18.
Qxd4 Bd7 19. Qxg7# 1-0

[Event "Live Chess"]
[Site "Chess.com"]
[Date "2023.05.20"]
[Round "-"]
[White "HoarseyHorsey"]
[Black "Tushinskiy"]
[Result "0-1"]
[WhiteElo "1440"]
[BlackElo "2155"]
[TimeControl "300"]
[EndTime "15:34:01 PDT"]
[Termination "Tushinskiy won by checkmate"]

1. d4 d5 2. c4 c6 3. cxd5 cxd5 4.
Bf4 e6 5. e3 Nf6 6. Nf3 Bd6 7.
Bg5 Nc6 8. Nc3 a6 9. Bd3 b5 10. O-O Bb7 11. Re1 Be7 12. Ne2 O-O 13. Ng3 Rc8 14. Rc1 Nb4 15. Bb1 Rxc1 16. Qxc1 Ne4 17.
Bxe7 Qxe7 18. Nxe4 dxe4 19. Nd2 Rc8 20. Qd1 f5 21.
Nb3 Bd5 22. a3 Nd3 23. Bxd3 exd3 24. Qxd3 Qg5 25. f3 Bxf3 26. Qd2 Bd5 27. Nc5 h6 28. Re2 Qg4 29. Rf2 Rc7 30. Qa5 Qd1+ 31. Rf1 Qc2 32.
Qxc7 Qxg2# 0-1